 Dungeon Crawl Stone Soup version 0.27-a0-1317-gd1140b374c (webtiles) character file.

Game seed: 6211328986459967576

4937 DeathSun the Spear-Bearer (level 10, -13/77 HPs)
             Began as a Hill Orc Fighter on June 21, 2021.
             Was an Elder of Elyvilon.
             Mangled by a freezing wraith (22 damage)
             ... on level 7 of the Dungeon.
             The game lasted 00:20:36 (9489 turns).

DeathSun the Spear-Bearer (Hill Orc Fighter)        Turns: 9489, Time: 00:20:36

Health: -13/77     AC:  9    Str: 23    XL:     10   Next: 52%
Magic:  11/17      EV:  7    Int:  8    God:    Elyvilon [****..]
Gold:   559        SH:  9    Dex: 12    Spells: 9/9 levels left

rFire    + . .     SeeInvis .   D - +8 spear "Mazagame" {elec, rElec rF+ rN+ Dex-4}
rCold    . . .     Faith    .   c - +0 kite shield
rNeg     + . .     Spirit   .   b - +0 scale mail
rPois    +         Reflect  .   h - +0 helmet
rElec    +         Harm     .   H - scarf {+Inv}
rCorr    .         Rampage  .   (no gloves)
Will     .....                  e - +0 pair of boots
Stlth    ..........             (no amulet)
HPRegen  0.22/turn              y - ring of poison resistance
MPRegen  0.15/turn              G - +6 ring of dexterity

@: slowed, very slow
A: no striking features
a: Renounce Religion, Evoke Invisibility, Lesser Healing, Heal Other,
Purification, Greater Healing, Divine Protection


You were on level 7 of the Dungeon.
You worshipped Elyvilon.
Elyvilon was greatly pleased with you.
You visited 2 branches of the dungeon, and saw 10 of its levels.

You collected 559 gold pieces.

Inventory:

Hand Weapons
 a - a +0 war axe
 C - a -1 glaive of distortion
 D - the +8 spear "Mazagame" (weapon) {elec, rElec rF+ rN+ Dex-4}
   (You found it on level 4 of the Dungeon)

   Occasionally, upon striking a foe, it can discharge electrical energy and
   cause terrible harm.
   It affects your dexterity (-4).
   It protects you from fire.
   It insulates you from electricity.
   It protects you from negative energy.
Missiles
 u - 4 boomerangs of dispersal (quivered)
 A - 3 throwing nets
 J - 4 curare-tipped darts
Armour
 b - a +0 scale mail (worn)
 c - a +0 kite shield (worn)
 e - a +0 pair of boots (worn)
 h - a +0 helmet (worn)
 i - a +0 plate armour
 H - a scarf of invisibility (worn)
Jewellery
 r - a ring of magical power
 y - a ring of poison resistance (left hand)
 F - a ring of positive energy
 G - a +6 ring of dexterity (right hand)
 I - a ring of wizardry
 N - a +6 ring of intelligence
Wands
 n - a wand of paralysis (7)
 B - a wand of iceblast (16)
 L - a wand of flame (12)
 M - a wand of polymorph (7)
Scrolls
 d - a scroll of noise
 f - 3 scrolls of teleportation
 j - 2 scrolls of enchant weapon
 o - 3 scrolls of magic mapping
 p - a scroll of enchant armour
 q - a scroll of brand weapon {unknown}
 s - a scroll of vulnerability {unknown}
 v - a scroll of torment {unknown}
 w - 3 scrolls of amnesia
 x - 2 scrolls of fear
 z - a scroll of summoning {unknown}
 P - 2 scrolls of blinking {unknown}
 Q - a scroll of fog {unknown}
Potions
 g - a potion of mutation {unknown}
 k - 2 potions of haste
 l - 4 potions of attraction
 m - a potion of ambrosia {unknown}
 t - 3 potions of heal wounds
 E - a potion of curing {unknown}
 K - a potion of berserk rage {unknown}
 O - a potion of flight {unknown}


   Skills:
 - Level 3.6 Fighting
 - Level 8.2(11.1) Axes
 * Level 10.2(11.0) Polearms
 - Level 3.2 Armour
 - Level 3.2 Shields
 - Level 10.0 Invocations
 * Level 6.8 Evocations


You had 9 spell levels left.
You didn't know any spells.
Your spell library contained the following spells:

 Spells                   Type           Power      Damage    Failure   Level
 Summon Small Mammal      Summ           0%         N/A       99%         1
 Call Imp                 Summ           0%         N/A       100%        2
 Call Canine Familiar     Summ           0%         N/A       100%        3
 Summon Guardian Golem    Hex/Summ       0%         N/A       100%        3
 Summon Ice Beast         Ice/Summ       0%         N/A       100%        4
 Summon Lightning Spire   Summ/Air       0%         N/A       100%        4


Dungeon Overview and Level Annotations

Branches:
Dungeon (9/15)             Temple (1/1) D:6
   Lair: D:8-11         Orc: D:9-12

Altars:
Ashenzari
Dithmenos
Elyvilon
Fedhas
Gozag
Kikubaaqudgha
Makhleb
Nemelex Xobeh
Okawaru
Qazlal
Ru
Sif Muna
Uskayaw
Vehumet
Wu Jian
Xom
Yredelemnul
Zin
The Shining One

Shops:
D:2 *   D:3 [   D:5 (

Annotations:
D:3 1 runed translucent door, Crazy Yiuf
D:6 3 runed translucent doors, Johnny's ghost, novice DEEE; fly's ghost, weakling HuDe
D:7 Harold


Message History

You hit the freezing wraith but do no damage.
The freezing wraith hits you. The freezing wraith freezes you!!
The freezing wraith hits you but does no damage.
You block the white imp's attack.
There is a huge open gate here.
The white imp gestures at you. The puff of frost hits you!
You puncture the freezing wraith!
The freezing wraith is moderately damaged.
The freezing wraith completely misses you.
The freezing wraith hits you. The white imp gestures at you.
The puff of frost hits you!
* * * LOW HITPOINT WARNING * * *
You are healed.
The white imp gestures at you. The puff of frost hits you.
The freezing wraith hits you. The freezing wraith freezes you!!
* * * LOW HITPOINT WARNING * * *
You block the freezing wraith's attack.
You are healed.
You block the freezing wraith's attack. The freezing wraith hits you!
The freezing wraith hits you but does no damage.
The freezing wraith hits you! The freezing wraith drains your vigour!
You feel yourself slow down. The white imp hits you.
* * * LOW HITPOINT WARNING * * *
The white imp freezes you.
* * * LOW HITPOINT WARNING * * *
You are healed.
The freezing wraith hits you. The freezing wraith freezes you!
The freezing wraith barely misses you. The white imp barely misses you.
The freezing wraith hits you. The freezing wraith freezes you!
* * * LOW HITPOINT WARNING * * *
The freezing wraith hits you.
* * * LOW HITPOINT WARNING * * *
The freezing wraith drains your vigour!
You feel as though you will be slow longer.
The freezing wraith hits you.
* * * LOW HITPOINT WARNING * * *
The freezing wraith freezes you!!
You die...

...# ### #.....# #.#.###..#.
...#*******#.....## #.#........
...#≈*≈*≈*≈#......# #........##
...#,*,,,*,#......############.##
####,,,....#.....................
*,,,*...#......#############.#
*.,**#..#......# #.#
**..###).##.....# #..
*,........#..W@.# ##.
*,........#..5W5# #.
**,,#≈≈#...#.4...########### ##
*,,,≈*#≈...'..5..#.........#####
*,,,≈*#≈#..'.##.##..............
*,,,*,*#≈..'.##+##..........####
*,,,,≈*#≈..'.....#..........#
**,,,#≈≈#..#.....#..........#
*,........#................####


You could see an ice devil, 2 freezing wraiths and 3 white imps.

Vanquished Creatures
  A hornet (D:8)
  Grinder (D:4)
  Prince Ribbit (D:8)
  5 yaks (D:9)
  Grum (D:9)
  2 water moccasins
  An orc warrior (D:6)
  3 sky beasts
  A black bear (D:6)
  2 necrophages
  5 ogres
  4 wolves (D:9)
  5 centaurs
  A bullfrog (D:7)
  A scorpion (D:4)
  A wyvern zombie (D:8)
  A gnoll sergeant (D:9)
  A water moccasin skeleton (D:4)
  4 killer bees (D:7)
  2 howler monkeys
  A crimson imp (D:7)
  2 centaur zombies
  A bullfrog skeleton (D:6)
  4 hounds
  A jelly (D:4)
  A gnoll shaman (D:9)
  7 orc priests
  An iguana (D:4)
  6 orc wizards
  2 howler monkey skeletons
  9 gnolls (D:9)
  4 adders
  2 white imps
  An ufetubus (D:4)
  3 adder skeletons
  6 worms
  3 dart slugs
  32 orcs
  10 ball pythons
  8 endoplasms
  7 giant cockroaches
  10 goblins
  8 hobgoblins
  6 jackals
  7 kobolds
  3 quokkas
  3 bats
  2 frilled lizards (D:3)
  3 goblin zombies (D:7)
  A hobgoblin zombie (D:7)
  2 kobold skeletons (D:7)
  2 kobold zombies (D:7)
  6 rats
207 creatures vanquished.

Vanquished Creatures (others)
  6 withered plants (D:6)
6 creatures vanquished.

Grand Total: 213 creatures vanquished

Notes
Turn   | Place    | Note
-------+----------+-------------------------------------------
     0 | D:1      | DeathSun the Hill Orc Fighter began the quest for the Orb.
     0 | D:1      | Reached XP level 1. HP: 19/19 MP: 1/1
   171 | D:1      | Found a faded altar of an unknown god.
   184 | D:1      | Reached XP level 2. HP: 18/26 MP: 2/2
   282 | D:1      | Became a worshipper of Elyvilon the Healer
   282 | D:1      | Reached * piety under Elyvilon
   449 | D:1      | Reached skill level 1 in Invocations
   598 | D:1      | Reached XP level 3. HP: 30/31 MP: 2/4
   848 | D:1      | Reached ** piety under Elyvilon
  1162 | D:2      | Found Zesaom's Assorted Antiques.
  1189 | D:2      | Found a radiant altar of Vehumet.
  1467 | D:2      | Reached XP level 4. HP: 34/39 MP: 4/6
  1577 | D:2      | Reached *** piety under Elyvilon
  1659 | D:2      | Reached skill level 5 in Axes
  1929 | D:3      | Found an ancient bone altar of Kikubaaqudgha.
  2168 | D:3      | Found Atyrchiva's Armour Boutique.
  2182 | D:3      | Reached XP level 5. HP: 32/45 MP: 7/7
  2576 | D:3      | Found a runed translucent door.
  2577 | D:3      | Noticed Crazy Yiuf
  2904 | D:4      | Reached **** piety under Elyvilon
  3012 | D:4      | Noticed an ogre
  3248 | D:4      | Reached XP level 6. HP: 45/51 MP: 9/9
  3511 | D:4      | Reached skill level 5 in Invocations
  3631 | D:4      | Reached XP level 7. HP: 57/57 MP: 9/11
  3729 | D:4      | Identified the +8 spear "Mazagame" {elec, rElec rF+ rN+
                  | Dex-4}
  3857 | D:4      | Reached skill level 1 in Polearms
  4160 | D:4      | Noticed Grinder
  4169 | D:4      | Killed Grinder
  4408 | D:5      | Entered Level 5 of the Dungeon
  4441 | D:4      | Reached XP level 8. HP: 48/64 MP: 9/12
  4488 | D:5      | Reached skill level 5 in Polearms
  4572 | D:5      | Found Wibutteth's Weapon Emporium.
  5379 | D:5      | Found a sparkling altar of Nemelex Xobeh.
  5670 | D:6      | Found a staircase to the Ecumenical Temple.
  5687 | D:6      | Noticed a troll
  5755 | D:6      | Found a runed translucent gate.
  5755 | D:6      | Found a runed translucent gate.
  5755 | D:6      | Found a runed translucent gate.
  5761 | D:6      | Noticed fly's ghost (weakling HuDe)
  5761 | D:6      | Noticed Johnny's ghost (novice DEEE)
  5776 | D:6      | Reached skill level 1 in Evocations
  5776 | D:6      | Reached XP level 9. HP: 43/70 MP: 15/15
  6474 | Temple   | Entered the Ecumenical Temple
  6579 | D:6      | Reached ***** piety under Elyvilon
  7019 | D:7      | Found a glowing golden altar of the Shining One.
  7087 | D:7      | Noticed Harold
  7108 | D:7      | HP: 4/84 [something (1)]
  7495 | D:8      | Noticed a hornet
  7645 | D:8      | Killed a hornet
  7667 | D:8      | Noticed Prince Ribbit
  7714 | D:8      | Killed Prince Ribbit
  7832 | D:8      | Reached skill level 5 in Evocations
  7935 | D:8      | Reached XP level 10. HP: 64/77 MP: 17/17
  8651 | D:9      | Reached skill level 10 in Invocations
  8658 | D:9      | Reached skill level 10 in Polearms
  8915 | D:9      | Noticed Grum
  8931 | D:9      | Killed Grum
  9281 | D:9      | Found a blossoming altar of Fedhas.
  9285 | D:9      | Noticed a death knight
  9285 | D:9      | Noticed a phantasmal warrior
  9345 | D:9      | Found an opulent altar of Gozag.
  9489 | D:7      | Mangled by a freezing wraith

Illustrated notes

Levels and vault maps discovered:
D:1:      shiori_arrival_oz, layout_basic, ebering_ecumenical_altar_mist,
          st_stairs_2
D:2:      layout_rooms, basic_altar, serial_shops, nicolae_shop_stone,
          grunt_decor_resistance, minmay_hexomino_c4
D:3:      layout_basic, old_standard_altar, serial_shops, nicolae_square_shop,
          uniq_crazy_yiuf_cottage
D:4:      kennysheep_spiral_hall, layout_basic, minmay_misc_feat_pillars,
          minmay_close_crescents, uniq_grinder
D:5:      layout_cave_pools, nicolae_overflow_crystal_walls, grunt_ministairs_5,
          nicolae_take_the_stairs, roderic_lattice_a
D:6:      layout_cave_pods, temple_doors_e, serial_column_ruins,
          column_ruins_grid_1, column_ruins_open_tiny, column_ruins_grid_1,
          column_ruins_grid_3, column_ruins_columns_straight,
          gammafunk_ghost_cemetery, minmay_curled_crystal
D:7:      layout_basic, nicolae_tso_besieged_by_evil,
          hellmonk_guarded_unrand_frostbite, uniq_harold
D:8:      layout_rooms, enter_bailey_3, serial_park_tiny_1, uniq_prince_ribbit1
D:9:      lemuel_bear_cage, layout_basic, amcnicky_altar_gilded,
          grunt_gozag_statues, uniq_grum
Temple:   eino_temple_lava

Skill      XL: |  1  2  3  4  5  6  7  8  9 10 |
---------------+-------------------------------+-----
Axes           | 3 4 5 6 8 |  8.2
Invocations    | 1 2 3 4 5 6 8 9 10 | 10.0
Polearms       | 4 7 9 10 | 10.2
Evocations     | 1 5 6 |  6.8
Fighting       | |  3.6
Armour         | |  3.2
Shields        | |  3.2

Action                   |  1- 3 |  4- 6 |  7- 9 | 10-12 || total
-------------------------+-------+-------+-------+-------++-------
Melee: War axe           |    93 |   144 |    10 |       ||   247
       Spear             |       |       |   247 |   116 ||   363
Invok: Lesser Healing    |       |       |     5 |       ||     5
       Greater Healing   |       |       |     5 |     3 ||     8
       Divine Vigour     |       |       |     1 |       ||     1
Evoke: Wand              |       |     2 |     2 |       ||     4
  Use: Potion            |       |       |     1 |       ||     1
       Scroll            |       |       |     3 |     7 ||    10
Armor: Scale mail        |    49 |    58 |    92 |    26 ||   225
Dodge: Dodged            |    36 |    52 |    46 |    26 ||   160
Block: Kite shield       |    66 |    77 |    82 |    36 ||   261

Table legend: (Time is in decaauts)
 A = Elapsed time spent in this place.
 B = Non-inter-level travel time spent in this place.
 C = Inter-level travel time spent in this place.
 D = Time resting spent in this place.
 E = Time spent auto-exploring this place.
 F = Levels seen in this place.
 G = Mean time per level.
                   A        B        C        D        E       F      G
               +--------+--------+--------+--------+--------+-----+--------+
         Total |   9576 |   9255 |    321 |   2103 |   5301 |  10 |  957.6 |
       Dungeon |   9511 |   9190 |    321 |   2103 |   5247 |   9 | 1056.8 |
        Temple |     64 |     64 |      0 |      0 |     54 |   1 |   64.0 |
               +--------+--------+--------+--------+--------+-----+--------+

Top non-repeatable levels by time:
     D:4: 1574 daAuts
     D:5: 1262 daAuts
     D:1: 1200 daAuts
     D:9: 1105 daAuts
     D:3: 1061 daAuts
     D:8: 866 daAuts
     D:7: 866 daAuts
     D:6: 820 daAuts
     D:2: 754 daAuts
  Temple: 64 daAuts
